Map: Acropolis LE

Players

Elazer

  • Race: Zerg Zerg
  • Spawn Location: 5:00

Trap - Winner!

  • Race: Protoss Protoss
  • Spawn Location: 11:00

Event: 2019 WCS Global FInals

VOD

Have the link to the VOD?

Description

Time

  • Played on: Oct. 26, 2019, 11:21 p.m.
  • Length: 12:15

All games in this series

Show
View Real Time Build Order
Export as new Build Order

Elazer Zerg 

Build Orders: Hatch First, Roach Hydra 

Get SALT Encoding   

  12  0:00  Drone  
  13  0:12  Overlord  
  13  0:17  Drone  
  14  0:30  Drone x2  
  16  0:46  Hatchery  
  15  0:50  Drone  
  15  0:54  Drone  
  17  0:57  Drone  
  18  1:07  Extractor  
  17  1:12  Spawning Pool  
  17  1:15  Drone  
  17  1:19  Drone  
  18  1:29  Drone  
  19  1:38  Drone  
  20  1:49  Drone  
  21  1:59  Queen x2  
  21  2:00  Zergling x2  
  26  2:01  Overlord  
  26  2:10  Zergling x2  
  26  2:11  Drone  
  28  2:25  Drone, Hatchery  
  28  2:27  Drone  
  29  2:31  Drone  
  29  2:34  Drone  
  31  2:41  Queen  
  33  2:45  Metabolic Boost  
  33  2:50  Overlord  
  33  2:53  Drone  
  33  2:55  Drone  
  33  2:57  Drone  
  36  3:06  Overlord  
  36  3:09  Drone x2  
  36  3:10  Drone  
  36  3:12  Drone  
  40  3:15  Drone x2  
  42  3:20  Queen  
  42  3:24  Overlord  
  42  3:27  Drone  
  45  3:28  Drone  
  45  3:31  Drone  
  45  3:33  Drone  
  48  3:40  Drone x2  
  50  3:43  Drone x4  
  50  3:47  Spore Crawler  
  53  3:49  Spore Crawler  
  53  3:51  Spore Crawler, Drone  
  53  3:54  Drone  
  53  3:58  Queen  
  53  4:02  Overlord  
  55  4:04  Zergling x2  
  55  4:05  Zergling x2  
  55  4:06  Zergling x2  
  58  4:13  Drone x2  
  58  4:15  Drone x2  
  58  4:20  Drone x5  
  58  4:21  Drone  
  64  4:24  Drone x2  
  64  4:28  Lair  
  66  4:35  Extractor x2  
  66  4:36  Roach Warren  
  66  4:38  Drone x3  
  66  4:46  Overlord  
  66  4:52  Overlord  
  66  4:53  Overlord  
  66  4:57  Overlord  
  66  5:02  Overlord  
  66  5:04  Extractor  
  66  5:05  Drone x6  
  66  5:06  Drone x2  
  73  5:10  Drone  
  73  5:11  Drone  
  73  5:12  Drone  
  73  5:13  Overlord  
  76  5:14  Drone  
  76  5:16  Drone  
  76  5:17  Extractor  
  76  5:20  Overlord  
  77  5:23  Zergling x8  
  77  5:28  Glial Reconstitution  
  81  5:33  Drone x2  
  81  5:34  Overlord  
  81  5:35  Roach x3  
  83  5:46  Drone x3  
  83  5:53  Drone x2  
  83  5:54  Drone  
  83  5:55  Roach x4  
  92  5:58  Overlord  
  92  6:03  Overlord  
  91  6:05  Roach x4  
  99  6:13  Overlord  
  91  6:28  Drone x9  
  100  6:33  Extractor  
  100  6:34  Drone x4  
  100  6:35  Hydralisk Den, Baneling Nest  
  100  6:37  Overlord  
  101  6:40  Hatchery  
  101  6:46  Overlord  
  96  6:48  Drone x4  
  96  6:50  Drone  
  96  6:52  Drone x2  
  97  6:55  Drone x3  
  100  7:01  Overlord  
  100  7:03  Drone x3  
  100  7:04  Muscular Augments  
  103  7:11  Overlord  
  103  7:13  Hydralisk  
  105  7:16  Hydralisk x3  
  105  7:19  Pneumatized Carapace  
  105  7:22  Hydralisk x2  
  115  7:24  Overlord, Hatchery  
  115  7:25  Overlord  
  115  7:27  Hydralisk  
  115  7:34  Ravager x3  
  115  7:35  Hydralisk x2  
  122  7:39  Overseer  
  122  7:40  Zergling x10  
  127  7:46  Overlord  
  127  7:47  Hydralisk x2  
  131  7:51  Hydralisk x2  
  131  7:53  Zergling x4  
  135  7:58  Zergling x2  
  135  7:59  Zergling x6  
  135  8:03  Centrifical Hooks  
  139  8:11  Zergling x16  
  139  8:12  Hatchery  
  142  8:28  Overlord, Grooved Spines, Hydralisk x5  
  142  8:33  Zergling x10  
  157  8:40  Overlord  
  157  8:43  Hatchery  
  157  8:46  Infestation Pit  
  157  8:48  Drone  
  156  8:49  Evolution Chamber  
  156  8:51  Evolution Chamber  
  156  8:53  Overlord  
  156  8:54  Drone x3  
  157  8:57  Overlord  
  157  8:58  Hydralisk  
  155  9:05  Overlord  
  155  9:07  Drone x5  
  160  9:13  Hydralisk x2  
  162  9:21  Zergling x14  
  165  9:24  Zergling x2  
  165  9:25  Zergling x2  
  165  9:27  Zerg Missile Weapons Level 1, Zerg Melee Weapons Level 1  
  165  9:29  Extractor  
  165  9:31  Drone x3  
  169  9:38  Hive  
  169  9:40  Zergling x2  
  169  9:41  Spire  
  169  9:42  Zergling x2  
  169  9:43  Zergling x4  
  172  9:50  Zergling x16  
  180  9:56  Drone x3  
  180  9:58  Drone  
  184  10:00  Drone  
  183  10:10  Zergling x18  
  191  10:15  Zergling x4  
  191  10:16  Zergling x10  
  174  10:32  Zergling x12  
  174  10:33  Zergling x4  
  181  10:37  Extractor  
  181  10:38  Spore Crawler  
  181  10:39  Drone x3  
  181  10:40  Spine Crawler x2  
  181  10:41  Spine Crawler  
  178  10:48  Zergling x22  
  188  10:50  Baneling x9  
  188  10:51  Baneling x15  
  188  10:55  Corruptor  
  188  11:13  Zergling x2  
  188  11:14  Zergling x22  
  177  11:18  Zergling x2  
  177  11:19  Zergling x12  
  177  11:23  Zergling x6  
  161  11:33  Zergling x8  
  161  11:34  Zergling x2  
  161  11:36  Baneling  
  161  11:37  Baneling x11  
  151  11:45  Zergling x18  
  143  11:47  Baneling x12  
  143  11:51  Zergling x6  
Show
View Real Time Build Order
Export as new Build Order

Trap Protoss - Winner!

Build Orders: 1 Gate Expand, Oracle Opening, Phoenix Opening, Archon Immortal 

Get SALT Encoding   

  12  0:00  Probe  
  13  0:12  Probe  
  14  0:18  Pylon  
  14  0:24  Probe  
  15  0:36  Probe (Chrono Boost)  
  16  0:45  Gateway  
  16  0:46  Assimilator, Probe (Chrono Boost)  
  17  0:51  Probe (Chrono Boost)  
  18  1:03  Probe  
  19  1:15  Probe  
  20  1:22  Nexus  
  20  1:33  Cybernetics Core  
  20  1:36  Probe  
  21  1:44  Assimilator  
  21  1:48  Probe  
  21  1:52  Pylon  
  22  2:00  Probe (Chrono Boost)  
  23  2:10  Adept  
  23  2:12  Probe (Chrono Boost)  
  26  2:16  Stargate  
  26  2:21  Probe (Chrono Boost)  
  27  2:26  Warp Gate  
  27  2:28  Probe (Chrono Boost)  
  28  2:35  Probe (Chrono Boost)  
  29  2:40  Adept  
  33  2:44  Probe x2 (Chrono Boost)  
  33  2:49  Probe (Chrono Boost)  
  33  2:51  Probe  
  34  2:58  Phoenix (Chrono Boost)  
  35  3:01  Probe  
  35  3:03  Probe  
  35  3:04  Pylon  
  39  3:12  Oracle (Chrono Boost)  
  39  3:13  Probe  
  39  3:15  Probe  
  44  3:22  Gateway  
  44  3:25  Probe  
  45  3:27  Probe  
  45  3:33  Assimilator  
  46  3:35  Assimilator  
  46  3:37  Probe  
  46  3:39  Probe  
  46  3:41  Oracle (Chrono Boost)  
  48  3:42  Pylon  
  51  3:49  Probe  
  51  3:51  Probe  
  53  4:00  Robotics Facility  
  53  4:02  Pylon, Probe  
  54  4:03  Probe  
  54  4:09  Pylon  
  55  4:14  Oracle (Chrono Boost)  
  55  4:19  Probe x2  
  55  4:22  Adept  
  55  4:23  Adept  
  64  4:26  Pylon  
  64  4:32  Probe x2  
  66  4:45  Immortal (Chrono Boost)  
  66  4:46  Probe x2  
  66  4:47  Sentry x2  
  76  4:57  Nexus  
  76  5:00  Pylon  
  76  5:02  Pylon  
  76  5:04  Probe  
  76  5:05  Probe  
  78  5:11  Sentry x2  
  82  5:17  Observer, Forge  
  82  5:20  Probe x2  
  85  5:22  Twilight Council  
  85  5:32  Probe (Chrono Boost)  
  85  5:35  Probe (Chrono Boost)  
  87  5:39  Gateway  
  87  5:42  Gateway  
  88  5:44  Probe (Chrono Boost)  
  88  5:48  Probe (Chrono Boost)  
  88  5:49  Probe (Chrono Boost)  
  85  5:50  Gateway, Protoss Ground Weapons Level 1  
  85  5:51  Gateway  
  85  5:56  Probe  
  87  5:58  Charge (Chrono Boost)  
  87  6:05  Templar Archives  
  87  6:06  Probe  
  87  6:08  Probe  
  87  6:10  Immortal (Chrono Boost)  
  93  6:15  Probe  
  92  6:18  Probe  
  92  6:20  Probe  
  92  6:24  Assimilator  
  94  6:25  Zealot  
  94  6:30  Assimilator, Zealot  
  94  6:31  Pylon  
  98  6:35  Probe x3  
  101  6:43  Pylon  
  101  6:46  Warp Prism (Chrono Boost)  
  103  6:58  Zealot x2  
  103  6:59  Zealot x4  
  112  7:01  Gateway  
  112  7:03  Psionic Storm  
  112  7:04  Gateway  
  112  7:07  Photon Cannon  
  112  7:10  Pylon  
  113  7:15  Observer  
  113  7:19  Zealot  
  113  7:21  High Templar x3  
  121  7:23  Zealot, High Templar  
  121  7:25  Archon  
  121  7:27  Pylon, Archon  
  125  7:30  Nexus  
  125  7:32  Probe x3  
  125  7:36  Immortal (Chrono Boost)  
  132  7:47  Robotics Facility  
  130  7:52  Zealot x2  
  130  7:53  Zealot  
  136  8:00  Protoss Ground Weapons Level 2  
  136  8:09  High Templar x2  
  136  8:10  High Templar  
  140  8:13  Photon Cannon  
  140  8:14  Photon Cannon  
  140  8:16  Photon Cannon x2, Pylon  
  140  8:18  Immortal (Chrono Boost), Pylon  
  140  8:19  Pylon  
  138  8:31  Zealot x4  
  138  8:33  Probe x3  
  149  8:35  Stalker  
  151  8:41  Pylon  
  151  8:48  Photon Cannon  
  151  8:50  Probe  
  151  8:51  Probe x2  
  151  8:53  High Templar x2  
  151  8:54  Immortal (Chrono Boost)  
  162  9:00  Immortal (Chrono Boost)  
  166  9:03  Pylon  
  166  9:04  Pylon x2  
  166  9:10  Zealot x3  
  172  9:18  Assimilator  
  172  9:21  Assimilator, Immortal (Chrono Boost)  
  172  9:24  Immortal (Chrono Boost)  
  180  9:34  Pylon  
  180  9:36  Fleet Beacon  
  174  9:41  Blink  
  172  9:51  Zealot x3, High Templar x2  
  182  9:58  Immortal x2 (Chrono Boost)  
  182  10:12  Photon Cannon  
  182  10:13  Photon Cannon  
  182  10:14  Shield Battery x2  
  176  10:22  Zealot x6  
  176  10:26  Zealot x2  
  184  10:30  Mothership (Chrono Boost)  
  184  10:50  Warp Prism  
  184  10:54  Photon Cannon  
  184  10:55  Photon Cannon, High Templar x4  
  184  10:56  Zealot  
  194  10:57  Photon Cannon  
  194  11:02  Immortal  
  198  11:17  Zealot  
  200  11:24  Zealot x3  
  183  11:33  Archon x2  
  178  11:40  Zealot x5  
  172  11:54  Zealot x3  
  154  12:01  Stalker  
  154  12:02  Stalker x4  
  154  12:07  Probe (Chrono Boost)  
Tags
 
Add a new tag
Caveats
  • Supply blocks, unpowered buildings, or Contaminate may cause inaccurate times.
  • Supply counts are checked every 10 seconds.